 Dungeon Crawl Stone Soup version bcrawl-1.19.1 (webtiles) character file.

Game seed: 6879859423378053100

137 Mrkan the Skirmisher (level 5, -4/48 HPs)
             Began as a Hill Orc Fighter on Dec 17, 2019.
             Was a Follower of Makhleb.
             Slain by an iguana (12 damage)
             ... on level 2 of the Dungeon.
             The game lasted 00:02:39 (1519 turns).

Mrkan the Skirmisher (Hill Orc Fighter)             Turns: 1519, Time: 00:02:40

Health: -4/48      AC:  7    Str: 19    XL:     5   Next: 20%
Magic:  5/5        EV:  7    Int:  9    God:    Makhleb [*.....]
Gold:   142        SH:  9    Dex: 10    Spells: 4/4 levels left

rFire    . . .     SeeInvis .   a - +0 war axe
rCold    . . .     Gourm    .   c - +0 shield
rNeg     . . .     Faith    .   b - +0 scale mail
rPois    .         Spirit   .   (no helmet)
rElec    .         Reflect  .   (no cloak)
rCorr    .         Harm     .   (no gloves)
MR       .....                  (no boots)
Stlth    ..........             (no amulet)
HPRegen  0.16/turn              (no ring)
MPRegen  0.09/turn              (no ring)

@: no status effects
A: no striking features
a: Renounce Religion


You were on level 2 of the Dungeon.
You worshipped Makhleb.
Makhleb was aware of your devotion.
You were not hungry.

You visited 1 branch of the dungeon, and saw 3 of its levels.

You collected 142 gold pieces.

Inventory:

Hand Weapons
 a - a +0 war axe (weapon)
Armour
 b - a +0 scale mail (worn)
 c - a +0 shield (worn)
Jewellery
 p - a +6 ring of evasion {unknown}
Scrolls
 e - 2 scrolls of fog {unknown}
 h - a scroll of teleportation {unknown}
 j - 2 scrolls of remove curse {unknown}
 k - a scroll of enchant armour {unknown}
 m - 3 scrolls of amnesia {unknown}
 n - a scroll of identify {unknown}
Potions
 d - 2 potions of might
 i - a potion of mutation {unknown}
 l - a potion of cancellation {unknown}
 o - 2 potions of flight {unknown}
Comestibles
 f - a ration {!d}


   Skills:
 * Level 5.0 Fighting
   Level 5.0 Short Blades
   Level 5.0 Long Blades
   Level 5.0 Axes
   Level 5.0 Maces & Flails
   Level 5.0 Polearms
   Level 5.0 Staves
 + Level 4.2 Armour
 + Level 4.2 Shields
   Level 5.0 Unarmed Combat


You had 4 spell levels left.
You didn't know any spells.
Your spell library was empty.

Dungeon Overview and Level Annotations

Branches:
Dungeon (3/12)

Altars:
Hepliaklqana
Makhleb


Message History

Makhleb accepts your kill.
Your shield and scale mail prevent you from hitting the frilled lizard.
The frilled lizard bites you but does no damage.
The iguana closely misses you. You block the frilled lizard's attack.
You barely miss the iguana.
The iguana is moderately wounded.
You hit the frilled lizard.
You kill the frilled lizard!
Makhleb accepts your kill. The iguana barely misses you.
The jackal bites you but does no damage.
You closely miss the iguana.
The iguana is moderately wounded.
You hit the jackal. The jackal barely misses you.
You block the iguana's attack. The jackal closely misses you.
You hit the iguana but do no damage.
The iguana is moderately wounded.
You closely miss the jackal. You block the iguana's attack.
You block the jackal's attack. The iguana bites you!
You die...

#<# #.# #.# #.# #.# #.# #####
#.# #...# #.#
###############...# #.##
#...h@l)..).......####
#..#####.#####...............
##.#.........#########..#####
#.#.....###.# ##.#
#.#..##...#.# #######.####
#.#..#....#.####..........#
#......_......##..........##
###.#....#..#.##............
#.#...##..#.##............


You could see an iguana and a jackal.

Vanquished Creatures
  An orc priest (D:3)
  Jessica (D:2)
  An adder (D:2)
  An ooze (D:2)
  2 worms
  3 dart slugs
  2 leopard geckos (D:1)
  5 orcs
  A ball python (D:2)
  4 bats
  2 giant cockroaches
  9 hobgoblins
  4 jackals
  A quokka (D:2)
  2 frilled lizards
  3 goblins
  5 kobolds
  2 rats (D:2)
49 creatures vanquished.

Notes
Turn   | Place    | Note
-------+----------+-------------------------------------------
     0 | D:1      | Mrkan the Hill Orc Fighter began the quest for the Orb.
     0 | D:1      | Reached XP level 1. HP: 20/20 MP: 1/1
   408 | D:1      | Reached XP level 2. HP: 27/27 MP: 2/2
   943 | D:2      | Reached XP level 3. HP: 34/34 MP: 3/3
   947 | D:2      | Found a burning altar of Makhleb.
   973 | D:2      | Became a worshipper of Makhleb the Destroyer
  1179 | D:2      | Noticed Jessica
  1185 | D:2      | Killed Jessica
  1185 | D:2      | Reached XP level 4. HP: 41/41 MP: 4/4
  1332 | D:2      | Found a hazy altar of Hepliaklqana.
  1511 | D:3      | Reached * piety under Makhleb
  1511 | D:3      | Reached skill level 5 in Fighting
  1511 | D:3      | Reached XP level 5. HP: 6/48 MP: 5/5
  1519 | D:2      | Slain by an iguana

Skill      XL: |  1  2  3  4 |
---------------+-------------+-----
Armour         | 4 |  4.2
Shields        | 4 |  4.2
Fighting       | 5 |  5.0
Short Blades   | |  5.0
Long Blades    | |  5.0
Axes           | |  5.0
Maces & Flails | |  5.0
Polearms       | |  5.0
Staves         | |  5.0
Unarmed Combat | |  5.0

Action                   |  1- 3 |  4- 6 || total
-------------------------+-------+-------++-------
Melee: War axe           |    67 |    31 ||    98
  Eat: Chunk             |     1 |     1 ||     2
Armor: Scale mail        |    22 |    25 ||    47
Dodge: Dodged            |    23 |    25 ||    48
Block: Shield            |    31 |    35 ||    66
